 Dungeon Crawl Stone Soup version 0.31-a0-217-g58bb5d79cf (webtiles) character file.

Game seed: 9027327988210115352

3433 qw the Skirmisher (level 9, -3/82 HPs)
             Began as a Minotaur Hexslinger on July 2, 2023.
             Was a Priest of Okawaru.
             Slain by an unseen horror (8 damage)
             ... on level 8 of the Dungeon.
             The game lasted 00:02:37 (5715 turns).

qw the Skirmisher (Minotaur Hexslinger)             Turns: 5715, Time: 00:02:37

Health: -3/82      AC:  9    Str: 13    XL:     9   Next: 77%
Magic:  11/11      EV: 19    Int: 10    God:    Okawaru [***...]
Gold:   573        SH:  0    Dex: 17    Spells: 9/10 levels left

rFire   . . .        j - +1 sling (heavy)
rCold   . . .        (no shield)
rNeg    . . .        i - +1 leather armour {Will+}
rPois   .            (helmet restricted)
rElec   .            (no cloak)
rCorr   .            (no gloves)
SInv    .            a - +0 pair of boots
Will    +....        h - amulet of faith
Stlth   +            f - +4 ring of protection
HPRegen 0.33/turn    g - +5 ring of evasion
MPRegen 0.12/turn

%: faith
@: no status effects
A: horns 2, retaliatory headbutt
a: Renounce Religion, Heroism


You were on level 8 of the Dungeon.
You worshipped Okawaru.
Okawaru was most pleased with you.
You visited 1 branch of the dungeon, and saw 8 of its levels.

You collected 573 gold pieces.


Innate Abilities, Weirdness & Mutations

You have a pair of horns on your head.
You reflexively headbutt those who attack you in melee.


   Skills:
 - Level 8.5 Fighting
 + Level 11.3 Ranged Weapons
 - Level 2.3 Armour
 - Level 5.1 Dodging
 - Level 1.0 Spellcasting
 - Level 2.0 Hexes
 - Level 4.0 Invocations


You had 9 spell levels left.
You knew the following spells:

 Your Spells              Type           Power      Damage    Failure   Level
a - Slow                  Hex            16%        N/A       19%         1

Your spell library contained the following spells:

 Spells                   Type           Power      Damage    Failure   Level
 Inner Flame              Hex/Fire       2%         N/A       65%         3
 Portal Projectile        Hex/Tloc       4%         N/A       65%         3
 Cause Fear               Hex            2%         N/A       88%         4

Inventory:

Hand Weapons
 j - a +1 heavy sling (weapon)
Armour
 a - a +0 pair of boots (worn)
 i - a +1 leather armour of willpower (worn)
Jewellery
 f - a +4 ring of protection (left hand)
 g - a +5 ring of evasion (right hand)
 h - an amulet of faith (around neck)
 l - a ring of fire
Scrolls
 c - 2 scrolls of identify
 e - a scroll of fear {unknown}
Potions
 b - 4 potions of curing
 d - 2 potions of haste

Dungeon Overview and Level Annotations

Branches:
Dungeon (8/15)             Temple (0/1) D:7
   Lair: D:8-11

Altars:
Cheibriados
Okawaru
Qazlal
Vehumet

Annotations:
D:4 3 runed translucent doors, qw's ghost, amateur MiHs


Message History

Something hits you but does no damage.
You shoot a sling bullet. Something barely misses you.
You shoot a sling bullet. Something hits you! Something hits you.
You shoot a sling bullet. Something barely misses you.
You shoot a sling bullet. Something closely misses you.
Something barely misses you.
You shoot a sling bullet. Something hits you but does no damage.
You shoot a sling bullet. Something hits you.
You shoot a sling bullet. Something hits you but does no damage.
You shoot a sling bullet. Something hits you but does no damage.
Something closely misses you.
You shoot a sling bullet. Something closely misses you.
Something hits you but does no damage.
You shoot a sling bullet. Something hits you.
Something hits you but does no damage.
You shoot a sling bullet. Something hits you but does no damage.
Something hits you.
You shoot a sling bullet. Something hits you.
You shoot a sling bullet. Something hits you. x2
You shoot a sling bullet. Something barely misses you.
You shoot a sling bullet. Something hits you.
You shoot a sling bullet. Something hits you!
You shoot a sling bullet. Something hits you! Something hits you.
You shoot a sling bullet. Something closely misses you.
You shoot a sling bullet. Something hits you!
You die...

#.....#.....#..####
#......#....#....)#
##+###'###+###'##)#
#....#......#)#
#...[.#.....#.#
#######......#....#.####
#.....#####...#####....#
#.......#.#...# #......#
#......@'.#...# +......#
#.......#.#...# #......#
........####+##.######..
........#..#.... #..#..
........#....... #..'..
........'....... #..#..
####....##############%.
#####.............%%.
#................


There were no monsters in sight!

Vanquished Creatures
  Pikel (D:7)
  A sky beast (D:7)
  2 orc warriors
  An ice beast (D:6)
  3 black bears
  4 ogres
  2 kobold brigands
  4 bullfrogs
  A scorpion (D:5)
  3 wights
  12 killer bees
  5 jellies
  5 hounds
  A sleepcap (D:6)
  A gnoll bouda (D:6)
  2 orc priests (D:7)
  4 iguanas
  3 orc wizards
  A mummy (D:3)
  6 gnolls
  4 adders
  A white imp (D:8)
  An ufetubus (D:6)
  5 worms
  5 dart slugs
  15 orcs
  15 endoplasms
  17 goblins
  6 hobgoblins
  12 jackals
  26 kobolds
  2 quokkas
  6 ball pythons
  5 bats
  2 rats (D:1)
184 creatures vanquished.

Notes
Turn   | Place    | Note
-------+----------+-------------------------------------------
     0 | D:1      | qw the Minotaur Hexslinger began the quest for the Orb.
     0 | D:1      | Reached XP level 1. HP: 16/16 MP: 1/1
     0 | D:1      | 0 ||| qw: Version: 0.3-a-40-ge99b1a8
     0 | D:1      | 0 ||| qw: Game counter: 74
     0 | D:1      | 0 ||| qw: Melee chars always use a shield: true
     0 | D:1      | 0 ||| qw: God list: Okawaru
     0 | D:1      | 0 ||| qw: Allow faded altars: false
     0 | D:1      | 0 ||| qw: Do Orc after clearing Dungeon:15 true
     0 | D:1      | 0 ||| qw: Do second Lair branch before Depths: true
     0 | D:1      | 0 ||| qw: Lair rune preference: random
     0 | D:1      | 0 ||| qw: Goals: Normal
     0 | D:1      | 0 ||| PLANNING D:1-11
   106 | D:1      | HP: 4/16 [gnoll/+0 whip (3)]
   108 | D:1      | Reached skill level 3 in Ranged Weapons
   108 | D:1      | Reached XP level 2. HP: 6/23 MP: 2/2
   630 | D:1      | 630 ||| UPGRADING to +0 leather armour.
   640 | D:1      | 640 ||| DROPPING +0 robe.
   641 | D:1      | 641 ||| UPGRADING to amulet of faith.
   646 | D:1      | 646 ||| READING scroll labelled VIUTITS FASEXAC.
   647 | D:1      | 647 ||| READING scroll labelled TIWUGA ARETUI.
   648 | D:1      | 648 ||| READING scroll labelled WAZAPR VOIG.
   649 | D:1      | 649 ||| DROPPING scroll of poison.
   666 | D:2      | Reached XP level 3. HP: 29/29 MP: 3/3
   681 | D:2      | 681 ||| STAIRDANCE
   744 | D:2      | Found a faded altar of an unknown god.
   849 | D:2      | Reached skill level 4 in Ranged Weapons
  1010 | D:2      | Reached XP level 4. HP: 32/36 MP: 4/4
  1342 | D:2      | 1342 ||| UPGRADING to +0 pair of boots.
  1347 | D:2      | 1347 ||| UPGRADING to +4 ring of protection.
  1348 | D:2      | 1348 ||| UPGRADING to +5 ring of evasion.
  1349 | D:2      | 1349 ||| READING 2 scrolls of identify.
  1349 | D:2      | 1349 ||| IDENTIFYING fizzy yellow potion
  1350 | D:2      | 1350 ||| DROPPING potion of degeneration.
  1479 | D:3      | Found a snail-covered altar of Cheibriados.
  1662 | D:3      | Reached skill level 5 in Ranged Weapons
  1734 | D:3      | Found a stormy altar of Qazlal.
  1978 | D:3      | Reached skill level 3 in Fighting
  1978 | D:3      | Reached XP level 5. HP: 45/45 MP: 5/5
  1990 | D:3      | 1990 ||| FLEEEEING.
  1991 | D:3      | 1991 ||| FLEEEEING.
  1992 | D:3      | 1992 ||| FLEEEEING.
  1993 | D:3      | 1993 ||| FLEEEEING.
  1994 | D:3      | 1994 ||| FLEEEEING.
  1995 | D:3      | 1995 ||| FLEEEEING.
  1996 | D:3      | 1996 ||| FLEEEEING.
  1998 | D:3      | 1998 ||| FLEEEEING.
  1999 | D:3      | 1999 ||| FLEEEEING.
  2000 | D:3      | 2000 ||| FLEEEEING.
  2002 | D:3      | 2002 ||| FLEEEEING.
  2003 | D:3      | 2003 ||| FLEEEEING.
  2004 | D:3      | 2004 ||| FLEEEEING.
  2005 | D:3      | 2005 ||| FLEEEEING.
  2006 | D:3      | 2006 ||| FLEEEEING.
  2007 | D:3      | 2007 ||| FLEEEEING.
  2008 | D:3      | 2008 ||| FLEEEEING.
  2009 | D:3      | 2009 ||| FLEEEEING.
  2010 | D:3      | 2010 ||| FLEEEEING.
  2011 | D:3      | 2011 ||| FLEEEEING.
  2012 | D:3      | 2012 ||| FLEEEEING.
  2013 | D:3      | 2013 ||| FLEEEEING.
  2014 | D:3      | 2014 ||| FLEEEEING.
  2015 | D:3      | 2015 ||| FLEEEEING.
  2016 | D:3      | 2016 ||| STAIRDANCE
  2058 | D:2      | 2058 ||| UPGRADING to +0 ring mail.
  2068 | D:2      | 2068 ||| DROPPING +0 leather armour.
  2069 | D:2      | 2069 ||| READING scroll labelled WALU XAUSHYIJE.
  2070 | D:2      | 2070 ||| READING 2 scrolls of identify.
  2070 | D:2      | 2070 ||| IDENTIFYING orange potion
  2093 | D:3      | Reached skill level 1 in Armour
  2136 | D:3      | 2136 ||| READING 2 scrolls of identify.
  2136 | D:3      | 2136 ||| IDENTIFYING sedimented ruby potion
  2137 | D:3      | 2137 ||| DROPPING potion of brilliance.
  2182 | D:4      | Found a runed translucent gate.
  2183 | D:4      | Identified the +2 leather armour of Twilight {rElec rPois
                  | Regen+ Dex+2}
  2185 | D:4      | Found a runed translucent gate.
  2185 | D:4      | Found a runed translucent gate.
  2186 | D:4      | Noticed qw's ghost (amateur MiHs)
  2228 | D:4      | 2228 ||| READING scroll labelled WAC TUD USAQAMN.
  2307 | D:4      | Reached skill level 6 in Ranged Weapons
  2323 | D:4      | 2323 ||| READING scroll labelled NILU UDOX ZIWY.
  2326 | D:4      | 2326 ||| STAIRDANCE
  2330 | D:4      | 2330 ||| STAIRDANCE
  2334 | D:4      | 2334 ||| STAIRDANCE
  2338 | D:4      | 2338 ||| STAIRDANCE
  2342 | D:4      | 2342 ||| STAIRDANCE
  2346 | D:4      | 2346 ||| STAIRDANCE
  2350 | D:4      | 2350 ||| STAIRDANCE
  2354 | D:4      | 2354 ||| STAIRDANCE
  2358 | D:4      | 2358 ||| STAIRDANCE
  2362 | D:4      | 2362 ||| STAIRDANCE
  2366 | D:4      | 2366 ||| STAIRDANCE
  2370 | D:4      | 2370 ||| STAIRDANCE
  2374 | D:4      | 2374 ||| STAIRDANCE
  2378 | D:4      | 2378 ||| STAIRDANCE
  2382 | D:4      | 2382 ||| STAIRDANCE
  2386 | D:4      | 2386 ||| STAIRDANCE
  2390 | D:4      | 2390 ||| STAIRDANCE
  2394 | D:4      | 2394 ||| STAIRDANCE
  2398 | D:4      | 2398 ||| STAIRDANCE
  2402 | D:4      | 2402 ||| STAIRDANCE
  2464 | D:4      | Reached XP level 6. HP: 51/51 MP: 6/6
  2634 | D:4      | Reached skill level 7 in Ranged Weapons
  2687 | D:4      | Reached XP level 7. HP: 49/60 MP: 7/7
  2969 | D:4      | Found an iron altar of Okawaru.
  2969 | D:4      | Found a radiant altar of Vehumet.
  2970 | D:4      | 2970 ||| PLANNING OKAWARU WORSHIP
  2970 | D:4      | 2970 ||| DRINKING 2 bubbling inky potions.
  2971 | D:4      | 2971 ||| DROPPING potion of attraction.
  2976 | D:4      | Became a worshipper of Warmaster Okawaru
  2977 | D:4      | 2977 ||| PLANNING D:1-11
  3033 | D:5      | Entered Level 5 of the Dungeon
  3098 | D:5      | Reached * piety under Okawaru
  3099 | D:5      | Reached skill level 8 in Ranged Weapons
  3166 | D:5      | Reached skill level 1 in Invocations
  3353 | D:5      | 3353 ||| DROPPING ring of willpower.
  3354 | D:5      | 3354 ||| DROPPING ring of ice.
  3355 | D:5      | 3355 ||| READING scroll labelled ZUEGHA ZIRIMEL.
  3456 | D:5      | 3456 ||| READING scroll labelled XAETWUO PEPLUY.
  3467 | D:6      | 3467 ||| STAIRDANCE
  3471 | D:5      | 3471 ||| INVOKING Heroism.
  3472 | D:5      | 3472 ||| INVOKING Heroism.
  3475 | D:5      | HP: 6/50 [wight/+0 flail (10)]
  3476 | D:5      | 3476 ||| READING scroll of teleportation.
  3693 | D:6      | 3693 ||| INVOKING Heroism.
  3715 | D:6      | 3715 ||| FLEEEEING.
  3716 | D:6      | 3716 ||| FLEEEEING.
  3717 | D:6      | 3717 ||| FLEEEEING.
  3718 | D:6      | 3718 ||| FLEEEEING.
  3723 | D:6      | 3723 ||| FLEEEEING.
  3724 | D:6      | 3724 ||| STAIRDANCE
  3799 | D:6      | 3799 ||| INVOKING Heroism.
  3806 | D:6      | Reached XP level 8. HP: 54/65 MP: 5/8
  3963 | D:6      | 3963 ||| INVOKING Heroism.
  3971 | D:6      | Reached skill level 3 in Invocations
  4102 | D:6      | 4102 ||| INVOKING Heroism.
  4111 | D:6      | Reached skill level 9 in Ranged Weapons
  4175 | D:6      | 4175 ||| DRINKING 2 purple potions.
  4230 | D:6      | 4230 ||| INVOKING Heroism.
  4234 | D:6      | Reached skill level 3 in Dodging
  4504 | D:6      | 4504 ||| FLEEEEING.
  4505 | D:6      | 4505 ||| FLEEEEING.
  4506 | D:6      | 4506 ||| FLEEEEING.
  4509 | D:6      | 4509 ||| FLEEEEING.
  4510 | D:6      | 4510 ||| FLEEEEING.
  4511 | D:6      | 4511 ||| FLEEEEING.
  4512 | D:6      | 4512 ||| FLEEEEING.
  4513 | D:6      | 4513 ||| FLEEEEING.
  4514 | D:6      | 4514 ||| FLEEEEING.
  4515 | D:6      | 4515 ||| FLEEEEING.
  4516 | D:6      | 4516 ||| FLEEEEING.
  4517 | D:6      | 4517 ||| STAIRDANCE
  4554 | D:5      | 4554 ||| READING 2 scrolls of identify.
  4554 | D:5      | 4554 ||| IDENTIFYING ruby potion
  4555 | D:5      | 4555 ||| DROPPING potion of lignification.
  4643 | D:6      | 4643 ||| INVOKING Heroism.
  4647 | D:6      | Reached skill level 6 in Fighting
  4695 | D:6      | 4695 ||| UPGRADING to +1 leather armour of willpower.
  4705 | D:6      | 4705 ||| DROPPING +0 ring mail.
  4706 | D:6      | 4706 ||| READING scroll labelled OJAMNE SAATE.
  4717 | D:7      | Found a flagged portal.
  4748 | D:7      | 4748 ||| INVOKING Heroism.
  4756 | D:7      | Reached ** piety under Okawaru
  4759 | D:7      | Reached skill level 10 in Ranged Weapons
  4759 | D:7      | Reached XP level 9. HP: 55/78 MP: 9/11
  4843 | D:7      | 4843 ||| INVOKING Heroism.
  4939 | D:7      | Noticed Pikel
  4940 | D:7      | 4940 ||| INVOKING Heroism.
  4946 | D:7      | Killed Pikel
  5140 | D:7      | 5140 ||| READING scroll labelled HEOMIQIZXA.
  5162 | D:7      | 5162 ||| INVOKING Heroism.
  5355 | D:7      | Found a staircase to the Ecumenical Temple.
  5426 | D:7      | 5426 ||| READING scroll labelled UGROLA LAOV.
  5478 | D:8      | Reached skill level 11 in Ranged Weapons
  5631 | D:8      | Reached *** piety under Okawaru
  5712 | D:8      | HP: 13/82 [something (9)]
  5713 | D:8      | HP: 5/82 [something (8)]
  5715 | D:8      | Slain by an unseen horror

Levels and vault maps discovered:
D:1:      roderic_dead_forest, layout_loops_ring
D:2:      layout_loops_ring, ebering_ecumenical_altar_ruins
D:3:      cheibrodos_fertilizer, layout_rooms, chei_slow_surprise,
          mainiacjoe_overflow_surrounded_room
D:4:      layout_loops_cross, nicolae_overflow_two_pavilions,
          biasface_ghost_orc_armoury, kennysheep_generic_room_13
D:5:      layout_rooms
D:6:      layout_cave_pods, serial_glass, glass_columns_b, glass_columns_a
D:7:      layout_rooms, minmay_temple_entry_fiery, enter_bailey_5,
          minmay_misc_feat_rows, nicolae_concentric_dashed_squares_wild,
          uniq_pikel
D:8:      layout_gridville, mainiacjoe_overflow_catwalk, grunt_ministairs_7,
          hangedman_abyss_or_decor_clamps, chequers_serial_rivers_micro_d

Skill      XL: |  1  2  3  4  5  6  7  8  9 |
---------------+----------------------------+-----
Ranged Weapons | 3 4 5 6 7 8 10 11 | 11.3
Fighting       | 2 3 4 5 6 8 |  8.5
Armour         | 1 2 |  2.3
Invocations    | 2 4 |  4.0
Dodging        | 3 5 |  5.1
Spellcasting   | |  1.0
Hexes          | |  2.0

Action                     |  1- 3 |  4- 6 |  7- 9 || total
---------------------------+-------+-------+-------++-------
   Fire: Sling             |    84 |   120 |   309 ||   513
 Invoke: Heroism           |       |       |    11 ||    11
    Use: Scroll            |     3 |     6 |     7 ||    16
         Potion            |       |       |     2 ||     2
 Armour: Leather armour    |    14 |    18 |    41 ||    73
         Robe              |     3 |       |       ||     3
         Ring mail         |       |     7 |    43 ||    50
  Dodge: Dodged            |    37 |    81 |   224 ||   342

Table legend:
 A = Non-vault XP
 B = Vault XP
 C = Vault XP percentage of total XP
 D = Non-vault monster count
 E = Vault monster count
 F = Vault count percentage of total count
                 A         B        C        D         E       F
            +---------+---------+-------+---------+---------+-------
      Total |    3990 |     915 |  18.7 |     157 |      27 |  14.7
            +---------+---------+-------+---------+---------+-------
        D:1 |      42 |       0 |   0.0 |      16 |       0 |   0.0
        D:2 |      57 |       0 |   0.0 |      24 |       0 |   0.0
        D:3 |      43 |     177 |  80.5 |      13 |      20 |  60.6
        D:4 |     447 |       0 |   0.0 |      21 |       0 |   0.0
        D:5 |     547 |       0 |   0.0 |      17 |       0 |   0.0
        D:6 |    1077 |       0 |   0.0 |      32 |       0 |   0.0
        D:7 |    1318 |     637 |  32.6 |      23 |       5 |  17.9
        D:8 |     459 |     101 |  18.0 |      11 |       2 |  15.4
            +---------+---------+-------+---------+---------+-------
